cohdb
Replays
Latest Replays
All Replays
Popular Replays
Top Player Replays
Match Explorer
How It Works
Community
CoH3 Stats
Reddit
Sign in to upload your games and track your stats! →
Sign in with Steam
Match 46895467
Unlisted
Match 46895467
Overview
Messages
Build Orders
End
Panzergrenadier Squad
Selects Armored Support Battlegroup
250 Light Carrier
250 Light Carrier
Construct Light Support Kompanie
Combat Half-tracks
Selects Superior Fire Drills
Assault Grenadier Squad
Construct Mechanized Kompanie
Selects Salvage Kits
Assault Mechanized Group
Vehicle Survival Package
Tungsten Core Ammunition
250 Light Carrier
Selects Panzer Storm
Support Armor Elements
Emergency Repair Kits
Veteran Squad Leaders
Construct Panzerarmee Kommand
Armored Reserves
Rapid Advance
Advanced Optics
Tiger Heavy Tank
Advanced Field Repairs
poe2 is
TheGoodMoose
7k this year for sure
Boneless
drinu019
Penazh
0
0
Comments
sign in to comment!
No comments posted yet!